Map: [ESL] Hard Lead

Players

gumiho - Winner!

  • Race: Terran Terran
  • Spawn Location: 11:00

BlyOnFire (Bly)

  • Race: Zerg Zerg
  • Spawn Location: 5:00

Event: IEM Katowice 2024

VOD

Have the link to the VOD?

Description

Time

  • Played on: Dec. 7, 2023, 1:51 p.m.
  • Length: 18:11

All games in this series

Show
View Real Time Build Order
Export as new Build Order

gumiho Terran - Winner!

Build Orders: Gas First Reaper Expand 

Get SALT Encoding   

  12  0:00  SCV  
  13  0:12  SCV  
  14  0:18  Supply Depot  
  14  0:24  SCV  
  14  0:28  Refinery  
  15  0:40  SCV  
  16  0:44  Barracks  
  16  0:52  SCV  
  17  1:04  SCV  
  18  1:16  SCV  
  19  1:31  Orbital Command  
  19  1:32  Reaper  
  20  1:43  Command Center  
  20  1:54  Factory  
  20  1:58  SCV  
  21  2:05  Barracks Reactor  
  21  2:10  SCV  
  21  2:12  Supply Depot  
  22  2:18  Refinery  
  22  2:22  SCV  
  23  2:34  SCV  
  24  2:47  SCV  
  24  2:49  Hellion x2  
  24  2:51  Reaper  
  30  2:55  Orbital Command  
  30  2:59  SCV  
  30  3:01  Starport  
  31  3:07  Supply Depot  
  31  3:12  SCV  
  32  3:14  Cyclone  
  32  3:19  Cyclone  
  36  3:26  SCV  
  37  3:27  SCV  
  39  3:37  Medivac  
  39  3:38  SCV  
  39  3:39  SCV  
  41  3:50  Cyclone  
  41  3:51  Cyclone, SCV x2  
  47  4:00  Supply Depot  
  47  4:03  SCV x2  
  49  4:11  Command Center  
  49  4:18  SCV x2  
  49  4:23  Supply Depot  
  51  4:25  Liberator  
  51  4:30  Cyclone  
  56  4:35  SCV x2  
  56  4:37  Cyclone  
  60  4:47  SCV x2  
  60  4:50  Marine  
  63  4:54  Supply Depot  
  63  4:56  Supply Depot  
  63  5:10  Cyclone, Medivac  
  63  5:12  SCV x2  
  62  5:24  SCV x2  
  62  5:26  Supply Depot, Refinery  
  62  5:27  Orbital Command, Refinery  
  64  5:28  Barracks, Supply Depot  
  64  5:29  Barracks x2  
  64  5:36  SCV x2, Engineering Bay  
  64  5:38  Engineering Bay  
  64  5:42  Barracks Tech Lab  
  66  5:44  Starport Tech Lab  
  66  5:48  SCV x2  
  68  5:51  Orbital Command  
  68  5:55  Factory Reactor  
  68  6:00  SCV x2  
  68  6:02  Marine  
  71  6:08  Terran Infantry Weapons Level 1  
  71  6:10  Starport Reactor  
  71  6:12  SCV x2  
  71  6:15  Terran Infantry Armor Level 1  
  71  6:17  Refinery  
  73  6:19  SCV  
  73  6:21  Refinery  
  73  6:24  SCV  
  73  6:25  SCV  
  76  6:29  Barracks Reactor  
  76  6:30  Barracks, Barracks Reactor  
  76  6:33  SCV  
  76  6:34  Barracks  
  76  6:35  Combat Shield, Marine x2  
  76  6:37  SCV x2  
  81  6:44  Cyclone  
  81  6:45  Cyclone, SCV  
  81  6:54  Marine  
  70  6:55  SCV x2  
  70  7:01  Marine  
  66  7:06  Marine x3  
  66  7:07  SCV x2  
  66  7:10  SCV  
  68  7:18  Armory, Marine  
  68  7:19  SCV  
  68  7:20  SCV  
  68  7:22  SCV  
  71  7:28  Factory Tech Lab, Marine x3  
  71  7:29  Marine x2  
  76  7:30  Barracks Reactor, Marine  
  76  7:32  Barracks Reactor, SCV  
  76  7:33  SCV  
  76  7:34  SCV  
  80  7:44  SCV  
  81  7:45  SCV  
  81  7:46  SCV  
  81  7:47  Factory, Command Center  
  81  7:50  Marine x3  
  86  7:51  Marine x3  
  86  7:52  Marine  
  86  7:56  SCV  
  86  7:57  Missile Turret  
  86  7:58  SCV x2  
  92  8:03  Missile Turret  
  90  8:08  SCV  
  90  8:09  Marine x3  
  90  8:10  SCV  
  87  8:15  Marine x2  
  87  8:16  Marine x2  
  88  8:20  Marine x3  
  88  8:21  Marine  
  88  8:25  SCV  
  91  8:27  Marine x3  
  91  8:31  Missile Turret  
  94  8:36  SCV x2  
  94  8:37  SCV  
  97  8:42  Terran Infantry Weapons Level 2  
  97  8:48  SCV  
  98  8:49  Terran Infantry Armor Level 2  
  98  8:56  SCV x2  
  98  8:58  Factory Tech Lab  
  98  9:00  SCV, Medivac  
  98  9:02  Medivac  
  105  9:08  Siege Tank, SCV  
  109  9:12  Orbital Command  
  109  9:16  SCV x2  
  111  9:23  Stimpack  
  98  9:25  SCV  
  98  9:28  Siege Tank, SCV x2  
  104  9:38  SCV  
  105  9:39  Missile Turret  
  105  9:40  Terran Vehicle Weapons Level 1, SCV x2  
  105  9:41  Marine x6  
  105  9:42  Marine  
  105  9:43  Marine  
  115  9:50  Siege Tank  
  118  9:55  Sensor Tower  
  118  9:57  SCV x3  
  121  10:00  Siege Tank  
  121  10:01  Marine x3  
  121  10:06  Marine x3  
  129  10:09  SCV x3  
  132  10:18  Supply Depot  
  132  10:20  Supply Depot  
  132  10:21  Marauder, Marine x3  
  137  10:22  Marine x2  
  137  10:23  Marine  
  137  10:24  Marine x3  
  143  10:29  Siege Tank  
  143  10:34  Missile Turret  
  146  10:37  Marine  
  146  10:38  Marine  
  146  10:39  Siege Tank  
  146  10:40  Marine x2  
  153  10:45  Marauder, Marine x3  
  153  10:46  Marine x3  
  161  10:54  Supply Depot  
  161  10:55  Marine  
  158  11:02  Terran Infantry Weapons Level 3, Marine  
  133  11:04  Marine x2  
  133  11:07  Marauder, Marine x2  
  133  11:08  Marine  
  133  11:11  SCV x2  
  141  11:16  Marine x3  
  141  11:17  Marine  
  145  11:24  Siege Tank, Marine x2  
  150  11:28  Marauder  
  150  11:30  Terran Infantry Armor Level 3  
  150  11:40  Missile Turret  
  148  11:53  Medivac, Marine x2  
  148  11:54  Medivac  
  153  11:56  Marine x3  
  155  12:06  Marauder, Marine x4  
  158  12:17  Marine x4  
  158  12:18  Marine x2  
  158  12:21  Siege Tank  
  158  12:22  Siege Tank  
  164  12:23  Marine  
  164  12:24  Marine  
  164  12:27  Marauder  
  165  12:36  Marine x2  
  160  12:44  Marine x5  
  154  12:48  Orbital Command  
  154  12:49  Marauder  
  156  12:52  Marine x2  
  156  12:54  Siege Tank x2  
  156  12:58  Marine x2  
  135  13:00  Marine  
  135  13:02  Marine x2  
  135  13:04  Marine x2  
  134  13:06  Marine  
  134  13:08  SCV x2  
  134  13:10  Marauder, Marine x2  
  139  13:13  Medivac  
  139  13:14  Medivac  
  139  13:15  Marine  
  141  13:20  SCV x4  
  141  13:24  Marine x2  
  141  13:26  Siege Tank x2, Marine x5  
  158  13:30  Marine x2  
  158  13:32  SCV  
  161  13:38  Marine x2  
  161  13:40  Missile Turret  
  164  13:41  Marine, SCV x2  
  166  13:57  Marine  
  166  13:58  Siege Tank, Marauder  
  166  14:00  Marine  
  166  14:01  Marine  
  170  14:03  Siege Tank  
  160  14:15  Marine x2  
  160  14:16  Liberator x2  
  165  14:19  Marauder  
  165  14:22  Marine x3  
  165  14:23  Marine x3  
  172  14:31  Supply Depot x2  
  172  14:34  Supply Depot  
  172  14:44  Command Center  
  172  14:47  Missile Turret  
  172  14:52  Siege Tank, Marine  
  178  14:53  Marauder  
  155  15:01  Marine x9  
  155  15:03  Siege Tank  
  166  15:07  Liberator x2  
  166  15:10  Marine  
  175  15:14  Marauder  
  175  15:19  Marine x8  
  183  15:24  Siege Tank  
  183  15:25  Missile Turret, Marine  
  183  15:28  Marine  
  188  15:35  Siege Tank, Marauder, Concussive Shells  
  193  15:37  Marine x3  
  196  15:46  Marine  
  194  15:57  Marauder  
  194  16:03  SCV x3  
  197  16:05  Marine x2  
  199  16:18  Missile Turret  
  199  16:26  Barracks  
  199  16:27  Planetary Fortress  
  199  16:28  Barracks  
  199  16:31  Barracks  
  199  16:32  Missile Turret  
  199  16:34  Bunker, Sensor Tower  
  175  17:03  Siege Tank x2  
  175  17:05  Marine  
  175  17:06  Marauder, Marine  
  181  17:14  Command Center  
  181  17:19  Sensor Tower  
  178  17:27  Marauder  
  174  17:35  Siege Tank x2  
  173  17:52  Marine x9  
  173  17:53  Marine  
  173  17:57  Barracks Tech Lab x3  
Show
View Real Time Build Order
Export as new Build Order

BlyOnFire Zerg 

Build Orders: Hatch First 

Get SALT Encoding   

  12  0:00  Drone  
  13  0:12  Overlord  
  13  0:17  Drone  
  14  0:30  Drone  
  14  0:31  Drone  
  16  0:47  Hatchery  
  15  0:50  Drone  
  15  0:54  Drone  
  17  0:58  Drone  
  18  1:09  Extractor  
  17  1:13  Spawning Pool  
  17  1:16  Drone  
  17  1:19  Drone  
  18  1:28  Drone  
  19  1:38  Drone  
  20  1:52  Overlord  
  20  2:00  Queen x2  
  20  2:01  Zergling x4  
  26  2:11  Drone x2  
  28  2:21  Drone  
  29  2:24  Overlord  
  31  2:38  Queen  
  31  2:45  Roach Warren  
  31  2:50  Overlord  
  30  2:59  Drone x2  
  30  3:00  Drone x2  
  30  3:03  Overlord  
  34  3:25  Roach x7  
  46  3:30  Extractor  
  46  3:31  Lair  
  45  3:46  Overlord  
  45  3:53  Drone x6  
  51  3:58  Extractor  
  51  3:59  Ravager  
  51  4:05  Drone x2  
  53  4:11  Ravager  
  53  4:12  Drone x2  
  56  4:19  Overlord  
  56  4:25  Overlord  
  56  4:28  Overlord  
  56  4:29  Glial Reconstitution  
  56  4:35  Overlord  
  56  4:37  Overlord  
  56  4:46  Drone x4  
  60  5:08  Drone x8  
  60  5:12  Extractor  
  64  5:19  Hatchery  
  52  5:28  Roach  
  52  5:29  Roach x6  
  66  5:39  Roach x4  
  66  5:41  Overseer  
  74  5:47  Roach  
  76  5:56  Infestation Pit, Roach x4  
  83  6:04  Spore Crawler  
  83  6:06  Spore Crawler  
  83  6:10  Drone x4  
  83  6:21  Tunneling Claws  
  83  6:22  Burrow  
  83  6:27  Roach x4, Overlord  
  91  6:34  Overlord  
  91  6:43  Roach x3  
  91  6:44  Roach  
  95  6:54  Roach x5  
  83  7:10  Roach x7  
  97  7:16  Evolution Chamber  
  97  7:20  Roach x16  
  97  7:21  Evolution Chamber  
  95  7:24  Drone x6  
  101  7:31  Infestor x2  
  101  7:32  Overlord  
  105  7:41  Zerg Ground Armor Level 1  
  105  7:45  Roach x16  
  105  7:46  Evolution Chamber  
  105  7:50  Drone  
  105  7:51  Drone x6  
  110  7:59  Zerg Missile Weapons Level 1, Drone x3  
  110  8:00  Roach x7  
  110  8:01  Roach x5  
  91  8:25  Roach  
  91  8:26  Roach x12  
  109  8:30  Roach  
  103  8:38  Drone x7  
  103  8:40  Extractor  
  105  8:42  Extractor  
  102  8:50  Hatchery  
  97  8:56  Zerg Melee Weapons Level 1  
  97  8:58  Baneling Nest  
  97  9:02  Metabolic Boost  
  96  9:06  Roach  
  96  9:07  Roach x7  
  112  9:24  Infestor  
  112  9:26  Overlord x3  
  114  9:45  Roach x4, Centrifugal Hooks  
  112  9:46  Hive  
  112  9:54  Zergling x2  
  112  9:55  Zergling x26  
  126  10:10  Zergling x14  
  133  10:15  Roach x4  
  133  10:19  Drone x3  
  136  10:27  Zerg Ground Armor Level 2  
  136  10:29  Baneling x3  
  136  10:30  Baneling x17  
  136  10:33  Hatchery  
  133  10:44  Drone x11  
  133  10:47  Extractor  
  133  10:49  Extractor  
  142  10:53  Roach  
  142  10:55  Roach x7  
  119  11:04  Roach x6  
  119  11:05  Roach x6  
  119  11:06  Infestor x3  
  141  11:15  Roach  
  141  11:16  Overlord x4  
  143  11:27  Ravager  
  143  11:28  Overlord x3  
  143  11:30  Overlord  
  143  11:32  Ravager x5  
  139  11:34  Roach  
  135  11:46  Zergling x2  
  135  11:47  Zergling x16  
  144  11:53  Roach x12  
  144  11:56  Roach x3  
  150  12:03  Roach x7  
  150  12:07  Hatchery  
  163  12:09  Baneling  
  163  12:10  Baneling x17  
  163  12:13  Ultralisk Cavern  
  160  12:17  Roach x7  
  172  12:26  Roach x3  
  174  12:35  Roach x7  
  182  12:41  Roach x2  
  118  12:58  Roach x2  
  118  12:59  Roach x6  
  123  13:14  Ultralisk x3  
  123  13:15  Roach  
  139  13:30  Chitinous Plating  
  137  13:43  Zergling x22  
  137  13:44  Zergling x8, Roach x18  
  152  13:49  Drone x3  
  152  13:50  Drone  
  152  13:55  Infestor  
  138  14:15  Drone x13  
  138  14:16  Roach x7  
  141  14:17  Extractor  
  141  14:18  Extractor  
  139  14:27  Infestor  
  139  14:28  Infestor x2  
  137  14:40  Drone x9  
  146  14:51  Baneling x8  
  136  15:04  Hatchery  
  135  15:09  Hatchery  
  129  15:20  Roach x7  
  143  15:26  Roach x3  
  139  15:40  Roach  
  139  15:42  Ravager x7  
  146  15:43  Roach x3  
  146  15:44  Roach x4  
  154  16:02  Hatchery  
  153  16:06  Spore Crawler  
  152  16:17  Hatchery  
  152  16:18  Anabolic Synthesis  
  149  16:23  Overseer  
  149  16:47  Overlord x3  
  101  17:06  Extractor x2, Roach x9  
  101  17:07  Roach x4  
  119  17:19  Roach x4  
  116  17:32  Swarm Host  
  137  17:45  Roach x12  
  137  17:48  Roach x4  
  137  17:49  Roach  

Tags
 
Add a new tag
Caveats
  • Supply blocks, unpowered buildings, or Contaminate may cause inaccurate times.
  • Supply counts are checked every 10 seconds.